 Dungeon Crawl Stone Soup version 0.30-a0-140-gd1020e658a (webtiles) character file.

Game seed: 13906065458682443496

35184 qw the Cleaver (level 13, -3/84 HPs)
             Began as a Gargoyle Fighter on Sept 24, 2022.
             Was a High Priest of Okawaru.
             Killed from afar by an oklob plant (27 damage)
             ... with a splash of acid
             ... on level 4 of the Lair of Beasts.
             The game lasted 00:05:23 (16193 turns).

qw the Cleaver (Gargoyle Fighter)                  Turns: 16193, Time: 00:05:24

Health: -3/84      AC: 23    Str: 28    XL:     13   Next: 82%
Magic:  14/20      EV:  9    Int: 13    God:    Okawaru [*****.]
Gold:   1011       SH:  6    Dex:  8    Spells: 12/12 levels left

rFire   . . .      SeeInvis .    o - +3 war axe (spect)
rCold   . . .      Faith    .    c - +0 buckler
rNeg    + . .      Spirit   .    j - +0 plate armour
rPois   inf        Reflect  .    g - +2 helmet of Rapauj {Rampage Str+4}
rElec   +          Harm     .    (no cloak)
rCorr   .          Rampage  +    (no gloves)
Will    ++...                    p - +0 pair of boots
Stlth   ..........               s - amulet of the acrobat
HPRegen 0.24/turn                v - ring of willpower
MPRegen 0.17/turn                (no ring)

@: heroic, finesse-ful, corroded
A: sickness immunity, AC +9, negative energy resistance 1, electricity
resistance, torment resistance 1, petrification resistance, clever 1,
strong-willed 1
a: Renounce Religion, Heroism, Finesse, Duel


You were on level 4 of the Lair of Beasts.
You worshipped Okawaru.
Okawaru was extremely pleased with you.
You visited 3 branches of the dungeon, and saw 15 of its levels.
You also visited: Sewer.

You collected 1011 gold pieces.


Innate Abilities, Weirdness & Mutations

You are immune to sickness and miasma.
Your stone body is resilient. (AC +9)
You are immune to poison.
You resist negative energy. (rN+)
You are resistant to electric shocks. (rElec)
You are resistant to unholy torment.
You are immune to petrification.
Your mind is acute. (Int +4, Str/Dex -1)
You are strong-willed. (Will+)


   Skills:
 - Level 11.0(16.0) Fighting
 + Level 14.4(19.4) Axes
 - Level 4.1(9.1) Throwing
 - Level 10.0(15.0) Armour
 - Level 2.0(7.0) Dodging
 - Level 7.1(12.1) Shields
 - Level 10.0 Invocations


You had 12 spell levels left.
You didn't know any spells.
Your spell library was empty.

Inventory:

Hand Weapons
 n - a +0 morningstar
 o - a +3 spectral war axe (weapon)
Missiles
 t - 10 boomerangs (quivered)
 u - a javelin
Armour
 c - a +0 buckler (worn)
 g - the +2 helmet of Rapauj (worn) {Rampage Str+4}
   (You acquired it on level 4 of the Dungeon)

   Str:       It affects your strength (+4).
   Rampage:   It bestows one free step when moving towards enemies.
 j - a +0 plate armour (worn)
 p - a +0 pair of boots (worn)
 w - a +1 helmet of intelligence
 y - a scarf of invisibility
Jewellery
 e - a ring of ice
 s - an amulet of the acrobat (around neck)
 v - a ring of willpower (left hand)
Scrolls
 a - 11 scrolls of identify
 q - 7 scrolls of teleportation
 r - a scroll of brand weapon
 x - a scroll of silence {unknown}
Potions
 b - 8 potions of curing
 d - 4 potions of might
 f - 3 potions of attraction
 h - 4 potions of lignification
 i - 2 potions of resistance
 k - 4 potions of mutation
 l - a potion of cancellation
 m - 3 potions of heal wounds
 z - a potion of invisibility {unknown}

Dungeon Overview and Level Annotations

Branches:
Dungeon (10/15)            Temple (1/1) D:5            Lair (4/5) D:10
 Shoals (0/4) Lair:2        Snake (0/4) Lair:3        Slime (0/5) Lair:4
  Sewer (visited)
    Orc: D:9-12

Altars:
Ashenzari
Cheibriados
Dithmenos
Elyvilon
Fedhas
Gozag
Hepliaklqana
Kikubaaqudgha
Makhleb
Nemelex Xobeh
Okawaru
Qazlal
Ru
Sif Muna
Trog
Uskayaw
Vehumet
Wu Jian
Xom
Yredelemnul
Zin
The Shining One
Jiyva

Annotations:
D:5 1 runed translucent door, Crazy Yiuf


Message History

Found a staircase to the Slime Pits.
The oklob plant spits acid at you. The splash of acid misses you.
The oklob plant spits acid at you. The splash of acid hits you!!
The acid corrodes you! The oklob plant spits acid at you.
The splash of acid hits you.
You rampage towards the oklob plant!
The oklob plant spits acid at you.
The splash of acid hits you but does no damage.
The acid corrodes you! The oklob plant spits acid at you.
The splash of acid hits you!
You completely miss the oklob plant.
Your +3 spectral war axe hits the oklob plant!
You strike the helpless oklob plant from behind!
You hit the oklob plant.
The oklob plant is moderately damaged.
Your +3 spectral war axe hits the oklob plant!
You hit the oklob plant but do no damage.
The oklob plant is heavily damaged.
Your +3 spectral war axe hits the oklob plant!
The oklob plant spits acid at you. The splash of acid hits you!
You hit the oklob plant.
The oklob plant is almost destroyed.
Your +3 spectral war axe hits the oklob plant but does no damage.
You hit the oklob plant.
The oklob plant is almost destroyed.
Your +3 spectral war axe hits the oklob plant but does no damage. x2
You hit the oklob plant but do no damage.
The oklob plant is almost destroyed.
Your +3 spectral war axe hits the oklob plant.
You destroy the oklob plant!
Okawaru accepts your kill.
Your +3 spectral war axe hits the oklob plant.
Your +3 spectral war axe hits the oklob plant!
The oklob plant spits acid at you. The splash of acid hits you!!
You die...

##########
###......#.##
##...........####
#....#.......PP.#
#.....#.#..@_.P.#
##....#####.(.>..#
#.....## ###P..##
##.....## ####
##.....### ###.....##
#.#....# ####.....P#
#### ###
##...#....####..###.###


You could see 4 oklob plants and a friendly +3 spectral war axe (summoned).

Vanquished Creatures
  2 hydras
  A catoblepas (Lair:3)
  3 two-headed ogres
  4 death yaks (Lair:2)
  A deep elf zephyrmancer (D:10)
  A lindwurm (Lair:4)
  A necromancer (Lair:3)
  An ugly thing (D:10)
  An oklob plant (Lair:4)
  A manticore (Lair:2)
  8 cane toads
  3 elephants (Lair:3)
  3 black mambas
  9 komodo dragons
  2 ice devils (Lair:4)
  5 rime drakes
  A hornet (D:9)
  A wind drake (Lair:2)
  A polar bear (Lair:4)
  Prince Ribbit (Lair:2)
  19 blink frogs
  2 wyverns
  51 yaks
  A basilisk (Lair:2)
  2 steam dragons (D:8)
  Menkaure (D:6)
  6 nagas (Lair:3)
  An acid dragon (D:10)
  10 water moccasins
  2 orc warriors
  5 black bears
  An ice beast (D:5)
  6 wolves (Lair:1)
  An ogre (D:6)
  4 centaurs
  A phantom (D:5)
  4 kobold brigands
  9 bullfrogs
  A necrophage (D:7)
  A gnoll sergeant (D:5)
  2 scorpions (D:10)
  11 wights
  4 howler monkeys
  2 jellies (D:6)
  3 hounds
  5 orc priests
  5 iguanas
  11 orc wizards
  6 polar bear simulacra (Lair:3)
  A wolf simulacrum (Lair:3)
  3 yak simulacra (Lair:3)
  12 adders
  3 gnolls (D:5)
  A river rat (Sewer)
  A shadow imp (D:8)
  2 white imps
  2 ufetubi
  An adder skeleton (D:2)
  2 worms (Sewer)
  3 dart slugs
  34 orcs
  A bat skeleton (D:2)
  16 endoplasms
  6 giant cockroaches
  3 goblins
  4 hobgoblins
  8 jackals
  15 kobolds
  6 quokkas
  7 ball pythons
  A ball python skeleton (D:2)
  A ball python zombie (D:2)
  11 bats
  4 frilled lizards
  10 rats
  A river rat simulacrum (Lair:3)
386 creatures vanquished.

Vanquished Creatures (others)
  An orc priest (D:10)
  73 fungi
  66 plants
  A withered plant (D:2)
141 creatures vanquished.

Grand Total: 527 creatures vanquished

Notes
Turn   | Place    | Note
-------+----------+-------------------------------------------
     0 | D:1      | qw the Gargoyle Fighter began the quest for the Orb.
     0 | D:1      | Reached XP level 1. HP: 14/14 MP: 1/1
     0 | D:1      | 0 ||| qw: Version: 0.1.0-9-gbc19398
     0 | D:1      | 0 ||| qw: Game counter: 42
     0 | D:1      | 0 ||| qw: Always use a shield: true
     0 | D:1      | 0 ||| qw: God list: Okawaru
     0 | D:1      | 0 ||| qw: Allow faded altars: false
     0 | D:1      | 0 ||| qw: Do Orc after D:15 true
     0 | D:1      | 0 ||| qw: Do second Lair branch before Depths: true
     0 | D:1      | 0 ||| qw: Lair rune preference: random
     0 | D:1      | 0 ||| qw: Plans: Normal, Zot:1-4, God:TSO, Crypt, Tomb,
                  | Pan, Slime:5, Hells, Abyss, Orb
     0 | D:1      | 0 ||| PLANNING D:1-11
   158 | D:1      | Reached skill level 2 in Axes
   169 | D:1      | 169 ||| Stepping ~*~*~tactically~*~*~ (hiding).
   282 | D:1      | 282 ||| Stepping ~*~*~tactically~*~*~ (stealth).
   284 | D:1      | 284 ||| Stepping ~*~*~tactically~*~*~ (stealth).
   290 | D:1      | Reached XP level 2. HP: 19/19 MP: 2/2
   578 | D:1      | Found a faded altar of an unknown god.
   929 | D:1      | Reached skill level 3 in Axes
  1067 | D:1      | 1067 ||| UPGRADING to +0 chain mail.
  1077 | D:1      | 1077 ||| DROPPING +0 scale mail.
  1078 | D:1      | 1078 ||| DRINKING 2 smoky puce potions.
  1078 | D:1      | Gained mutation: You are strong-willed. (Will+) [potion of
                  | mutation]
  1078 | D:1      | Gained mutation: Your mind is acute. (Int +4, Str/Dex -1)
                  | [potion of mutation]
  1109 | D:2      | 1109 ||| STAIRDANCE
  1112 | D:1      | Reached XP level 3. HP: 23/23 MP: 3/3
  1425 | D:2      | 1425 ||| Stepping ~*~*~tactically~*~*~ (stealth).
  1461 | D:2      | 1461 ||| Stepping ~*~*~tactically~*~*~ (hiding).
  1760 | D:2      | Reached XP level 4. HP: 28/28 MP: 4/4
  1933 | D:2      | 1933 ||| READING 2 scrolls labelled SUNESMU NACLARPH.
  1934 | D:2      | 1934 ||| READING scroll labelled XISOFO LYSI.
  1935 | D:2      | 1935 ||| READING scroll labelled YKAEDDAPSU.
  2027 | D:3      | Found a shadowy altar of Dithmenos.
  2087 | D:3      | Reached skill level 4 in Axes
  2095 | D:3      | 2095 ||| Stepping ~*~*~tactically~*~*~ (stealth).
  2102 | D:3      | 2102 ||| Stepping ~*~*~tactically~*~*~ (stealth).
  2109 | D:3      | 2109 ||| Stepping ~*~*~tactically~*~*~ (stealth).
  2110 | D:3      | 2110 ||| Stepping ~*~*~tactically~*~*~ (stealth).
  2120 | D:3      | 2120 ||| FLEEEEING.
  2121 | D:3      | 2121 ||| FLEEEEING.
  2122 | D:3      | 2122 ||| FLEEEEING.
  2123 | D:3      | 2123 ||| FLEEEEING.
  2124 | D:3      | 2124 ||| FLEEEEING.
  2126 | D:3      | 2126 ||| FLEEEEING.
  2150 | D:3      | 2150 ||| DROPPING +0 whip.
  2183 | D:3      | 2183 ||| Stepping ~*~*~tactically~*~*~ (hiding).
  2382 | D:3      | Reached XP level 5. HP: 32/32 MP: 5/5
  3078 | D:3      | 3078 ||| READING 2 scrolls labelled IHYVVU XUKY.
  3079 | D:3      | 3079 ||| READING scroll labelled ANLUEF RYNOLUV.
  3080 | D:3      | 3080 ||| READING scroll labelled ZOUTWA AH PAMO.
  3083 | D:3      | 3083 ||| READING scroll labelled WILO MIPENOCW.
  3084 | D:3      | 3084 ||| DRINKING 2 sapphire potions.
  3085 | D:3      | 3085 ||| DRINKING 2 blue potions.
  3086 | D:3      | 3086 ||| READING 2 scrolls of identify.
  3086 | D:3      | 3086 ||| IDENTIFYING fuming black potion
  3087 | D:3      | 3087 ||| DROPPING potion of berserk rage.
  3088 | D:3      | 3088 ||| DROPPING potion of brilliance.
  3089 | D:3      | 3089 ||| DROPPING scroll of magic mapping.
  3117 | D:4      | 3117 ||| PLANNING SEWER
  3223 | D:4      | Reached skill level 5 in Axes
  3267 | D:4      | Found a glowing drain.
  3268 | D:4      | 3268 ||| READING scroll labelled JEPSAI KUCRU.
  3268 | D:4      | Identified a scroll of acquirement
  3268 | D:4      | 3268 ||| ACQUIRING +2 helmet of Rapauj {Rampage Str+4}
  3268 | D:4      | Acquired the +2 helmet of Rapauj {Rampage Str+4}
  3270 | D:4      | 3270 ||| UPGRADING to +2 helmet of Rapauj {Rampage Str+4}.
  3279 | Sewer    | Entered a sewer
  3580 | Sewer    | Reached skill level 1 in Throwing
  3595 | Sewer    | 3595 ||| Stepping ~*~*~tactically~*~*~ (water).
  3698 | Sewer    | Noticed a kobold brigand
  3701 | Sewer    | 3701 ||| Stepping ~*~*~tactically~*~*~ (water).
  3705 | Sewer    | Killed a kobold brigand
  3706 | Sewer    | Reached XP level 6. HP: 36/39 MP: 6/6
  3883 | Sewer    | 3883 ||| Stepping ~*~*~tactically~*~*~ (water).
  3885 | Sewer    | Reached XP level 7. HP: 44/44 MP: 7/7
  3907 | Sewer    | Reached skill level 6 in Axes
  3998 | Sewer    | 3998 ||| Stepping ~*~*~tactically~*~*~ (water).
  4109 | Sewer    | 4109 ||| READING scroll labelled OMMULI RE SEA.
  4131 | D:4      | 4131 ||| PLANNING D:1-11
  4330 | D:4      | Found a sparkling altar of Nemelex Xobeh.
  4344 | D:4      | 4344 ||| Stepping ~*~*~tactically~*~*~ (stealth).
  4345 | D:4      | 4345 ||| Stepping ~*~*~tactically~*~*~ (stealth).
  4346 | D:4      | 4346 ||| Stepping ~*~*~tactically~*~*~ (stealth).
  4588 | D:4      | 4588 ||| UPGRADING to +0 plate armour.
  4615 | D:4      | 4615 ||| DROPPING +0 chain mail.
  4626 | D:4      | 4626 ||| READING scroll labelled ADUXTO EKOMY.
  4627 | D:4      | 4627 ||| READING scroll labelled TUDOPHATOL.
  4628 | D:4      | 4628 ||| DRINKING 2 ruby potions.
  4629 | D:4      | 4629 ||| READING 3 scrolls of identify.
  4629 | D:4      | 4629 ||| IDENTIFYING bubbling clear potion
  4630 | D:4      | 4630 ||| READING 2 scrolls of identify.
  4630 | D:4      | 4630 ||| IDENTIFYING black potion
  4631 | D:4      | 4631 ||| DROPPING potion of flight.
  4632 | D:4      | 4632 ||| DROPPING potion of ambrosia.
  4643 | D:5      | Entered Level 5 of the Dungeon
  4737 | D:5      | Reached skill level 7 in Axes
  4743 | D:5      | Found a glowing golden altar of the Shining One.
  4846 | D:5      | 4846 ||| Stepping ~*~*~tactically~*~*~ (stealth).
  4932 | D:5      | 4932 ||| Stepping ~*~*~tactically~*~*~ (hiding).
  4933 | D:5      | 4933 ||| Stepping ~*~*~tactically~*~*~ (hiding).
  5130 | D:5      | Found a staircase to the Ecumenical Temple.
  5131 | D:5      | 5131 ||| PLANNING TEMPLE
  5131 | D:5      | 5131 ||| READING 2 scrolls of identify.
  5131 | D:5      | 5131 ||| IDENTIFYING bubbling orange potion
  5141 | Temple   | Entered the Ecumenical Temple
  5154 | Temple   | 5154 ||| PLANNING D:1-11
  5161 | Temple   | Became a worshipper of Warmaster Okawaru
  5212 | D:5      | 5212 ||| Stepping ~*~*~tactically~*~*~ (hiding).
  5221 | D:5      | Reached XP level 8. HP: 41/49 MP: 8/8
  5347 | D:5      | Found a runed translucent door.
  5348 | D:5      | Noticed Crazy Yiuf
  5439 | D:6      | Reached skill level 1 in Dodging
  5748 | D:6      | 5748 ||| Stepping ~*~*~tactically~*~*~ (stealth).
  5750 | D:6      | 5750 ||| Stepping ~*~*~tactically~*~*~ (stealth).
  5752 | D:6      | 5752 ||| Stepping ~*~*~tactically~*~*~ (stealth).
  5760 | D:6      | 5760 ||| Stepping ~*~*~tactically~*~*~ (stealth).
  5768 | D:6      | 5768 ||| Stepping ~*~*~tactically~*~*~ (hiding).
  5770 | D:6      | 5770 ||| Stepping ~*~*~tactically~*~*~ (hiding).
  5771 | D:6      | 5771 ||| Stepping ~*~*~tactically~*~*~ (hiding).
  5772 | D:6      | 5772 ||| Stepping ~*~*~tactically~*~*~ (stealth).
  5774 | D:6      | 5774 ||| Stepping ~*~*~tactically~*~*~ (hiding).
  5834 | D:6      | Noticed Menkaure
  5835 | D:6      | 5835 ||| Stepping ~*~*~tactically~*~*~ (stealth).
  5837 | D:6      | 5837 ||| Stepping ~*~*~tactically~*~*~ (hiding).
  5838 | D:6      | 5838 ||| Stepping ~*~*~tactically~*~*~ (hiding).
  5848 | D:6      | Killed Menkaure
  5848 | D:6      | Reached * piety under Okawaru
  5854 | D:6      | 5854 ||| INVOKING Heroism.
  5860 | D:6      | Reached skill level 1 in Invocations
  5862 | D:6      | 5862 ||| Stepping ~*~*~tactically~*~*~ (stealth).
  5863 | D:6      | 5863 ||| Stepping ~*~*~tactically~*~*~ (stealth).
  5864 | D:6      | 5864 ||| Stepping ~*~*~tactically~*~*~ (stealth).
  5874 | D:6      | 5874 ||| Stepping ~*~*~tactically~*~*~ (stealth).
  5883 | D:6      | 5883 ||| INVOKING Heroism.
  6812 | D:6      | 6812 ||| READING scroll labelled EREOVO IDARA.
  6873 | D:6      | 6873 ||| DRINKING 2 fuming pink potions.
  6874 | D:6      | 6874 ||| DROPPING potion of degeneration.
  6923 | D:7      | Reached skill level 8 in Axes
  6936 | D:7      | 6936 ||| READING scroll of enchant weapon.
  6936 | D:7      | 6936 ||| ENCHANTING +0 spectral war axe.
  6960 | D:7      | 6960 ||| Stepping ~*~*~tactically~*~*~ (hiding).
  6972 | D:7      | Reached skill level 3 in Invocations
  7049 | D:7      | 7049 ||| Stepping ~*~*~tactically~*~*~ (hiding).
  7050 | D:7      | 7050 ||| Stepping ~*~*~tactically~*~*~ (hiding).
  7053 | D:7      | 7053 ||| INVOKING Heroism.
  7057 | D:7      | Reached XP level 9. HP: 37/54 MP: 8/11
  7140 | D:7      | 7140 ||| Stepping ~*~*~tactically~*~*~ (stealth).
  7143 | D:7      | 7143 ||| Stepping ~*~*~tactically~*~*~ (stealth).
  7153 | D:7      | 7153 ||| Stepping ~*~*~tactically~*~*~ (stealth).
  7180 | D:7      | 7180 ||| Stepping ~*~*~tactically~*~*~ (stealth).
  7185 | D:7      | 7185 ||| DROPPING +0 flail.
  7254 | D:7      | 7254 ||| Stepping ~*~*~tactically~*~*~ (stealth).
  7270 | D:7      | 7270 ||| Stepping ~*~*~tactically~*~*~ (stealth).
  7271 | D:7      | 7271 ||| Stepping ~*~*~tactically~*~*~ (stealth).
  7272 | D:7      | 7272 ||| Stepping ~*~*~tactically~*~*~ (hiding).
  7273 | D:7      | 7273 ||| Stepping ~*~*~tactically~*~*~ (hiding).
  7274 | D:7      | 7274 ||| Stepping ~*~*~tactically~*~*~ (hiding).
  7275 | D:7      | 7275 ||| INVOKING Heroism.
  7289 | D:7      | Reached skill level 6 in Fighting
  7492 | D:7      | Found a glowing silver altar of Zin.
  7518 | D:7      | 7518 ||| INVOKING Heroism.
  7697 | D:7      | 7697 ||| Stepping ~*~*~tactically~*~*~ (stealth).
  7897 | D:7      | 7897 ||| READING 2 scrolls of identify.
  7897 | D:7      | 7897 ||| IDENTIFYING smoky dark potion
  7956 | D:8      | Found a flagged portal.
  7988 | D:8      | 7988 ||| INVOKING Heroism.
  8142 | D:8      | 8142 ||| INVOKING Heroism.
  8144 | D:8      | 8144 ||| Stepping ~*~*~tactically~*~*~ (stealth).
  8183 | D:8      | 8183 ||| Stepping ~*~*~tactically~*~*~ (hiding).
  8185 | D:8      | 8185 ||| INVOKING Heroism.
  8192 | D:8      | 8192 ||| Stepping ~*~*~tactically~*~*~ (cloud).
  8231 | D:8      | 8231 ||| Stepping ~*~*~tactically~*~*~ (stealth).
  8235 | D:8      | 8235 ||| Stepping ~*~*~tactically~*~*~ (stealth).
  8237 | D:8      | 8237 ||| Stepping ~*~*~tactically~*~*~ (stealth).
  8238 | D:8      | 8238 ||| Stepping ~*~*~tactically~*~*~ (stealth).
  8240 | D:8      | 8240 ||| Stepping ~*~*~tactically~*~*~ (stealth).
  8241 | D:8      | 8241 ||| Stepping ~*~*~tactically~*~*~ (stealth).
  8244 | D:8      | Reached ** piety under Okawaru
  8349 | D:8      | 8349 ||| Stepping ~*~*~tactically~*~*~ (hiding).
  8457 | D:8      | 8457 ||| Stepping ~*~*~tactically~*~*~ (stealth).
  8461 | D:8      | 8461 ||| INVOKING Heroism.
  8464 | D:8      | Reached skill level 9 in Axes
  8514 | D:8      | Noticed a two-headed ogre
  8515 | D:8      | 8515 ||| INVOKING Heroism.
  8521 | D:8      | Killed a two-headed ogre
  8521 | D:8      | Reached *** piety under Okawaru
  8522 | D:8      | Reached skill level 6 in Shields
  8703 | D:8      | 8703 ||| INVOKING Heroism.
  8705 | D:8      | 8705 ||| Stepping ~*~*~tactically~*~*~ (cloud).
  8711 | D:8      | Reached XP level 10. HP: 38/61 MP: 11/13
  8711 | D:8      | 8711 ||| Stepping ~*~*~tactically~*~*~ (cloud).
  8712 | D:8      | 8712 ||| Stepping ~*~*~tactically~*~*~ (cloud).
  8924 | D:8      | 8924 ||| DRINKING 2 fizzy orange potions.
  8925 | D:8      | 8925 ||| DRINKING 2 orange potions.
  9013 | D:9      | Noticed a two-headed ogre
  9014 | D:9      | 9014 ||| Stepping ~*~*~tactically~*~*~ (stealth).
  9016 | D:9      | 9016 ||| INVOKING Heroism.
  9023 | D:9      | Killed a two-headed ogre
  9110 | D:9      | 9110 ||| INVOKING Heroism.
  9323 | D:9      | Found an ornate altar of the Wu Jian Council.
  9328 | D:9      | Found a bloodstained altar of Trog.
  9330 | D:9      | Found a shimmering blue altar of Sif Muna.
  9483 | D:9      | 9483 ||| FLEEEEING.
  9484 | D:9      | 9484 ||| FLEEEEING.
  9485 | D:9      | 9485 ||| FLEEEEING.
  9486 | D:9      | 9486 ||| FLEEEEING.
  9487 | D:9      | 9487 ||| FLEEEEING.
  9488 | D:9      | 9488 ||| FLEEEEING.
  9489 | D:9      | 9489 ||| FLEEEEING.
  9490 | D:9      | 9490 ||| FLEEEEING.
  9491 | D:9      | 9491 ||| FLEEEEING.
  9492 | D:9      | 9492 ||| FLEEEEING.
  9493 | D:9      | 9493 ||| FLEEEEING.
  9494 | D:9      | 9494 ||| FLEEEEING.
  9495 | D:9      | 9495 ||| FLEEEEING.
  9496 | D:9      | 9496 ||| FLEEEEING.
  9497 | D:9      | 9497 ||| STAIRDANCE
  9542 | D:8      | 9542 ||| READING scroll labelled ANOLUWN NUEPS.
  9773 | D:10     | Entered Level 10 of the Dungeon
  9774 | D:10     | 9774 ||| STAIRDANCE
  9781 | D:10     | 9781 ||| STAIRDANCE
  9802 | D:10     | Reached skill level 10 in Axes
  9878 | D:10     | 9878 ||| Stepping ~*~*~tactically~*~*~ (hiding).
  9879 | D:10     | 9879 ||| Stepping ~*~*~tactically~*~*~ (hiding).
 10011 | D:10     | 10011 ||| INVOKING Heroism.
 10018 | D:10     | Reached **** piety under Okawaru
 10019 | D:10     | Reached skill level 6 in Armour
 10024 | D:10     | Reached skill level 3 in Throwing
 10147 | D:10     | 10147 ||| INVOKING Heroism.
 10149 | D:10     | Noticed a two-headed ogre
 10154 | D:10     | Found a staircase to the Lair.
 10158 | D:10     | Reached ***** piety under Okawaru
 10163 | D:10     | Reached skill level 6 in Invocations
 10163 | D:10     | Reached XP level 11. HP: 51/68 MP: 12/15
 10165 | D:10     | HP: 16/68 [orc priest/divine providence (11)]
 10165 | D:10     | HP: 7/68 [two-headed ogre/+0 giant club (9)]
 10166 | D:10     | 10166 ||| READING 6 scrolls of teleportation.
 10167 | D:10     | 10167 ||| DRINKING potion of heal wounds.
 10170 | D:10     | HP: 4/68 [centaur/arrow (4)]
 10244 | D:10     | 10244 ||| INVOKING Heroism.
 10316 | D:10     | 10316 ||| Stepping ~*~*~tactically~*~*~ (stealth).
 10317 | D:10     | 10317 ||| INVOKING Heroism.
 10322 | D:10     | Killed a two-headed ogre
 10352 | D:10     | 10352 ||| INVOKING Heroism.
 10508 | D:10     | Noticed a green ugly thing
 10523 | D:10     | Killed a green ugly thing
 10524 | D:10     | Reached skill level 11 in Axes
 10600 | D:10     | 10600 ||| READING scroll of enchant weapon.
 10600 | D:10     | 10600 ||| ENCHANTING +1 spectral war axe.
 10683 | D:10     | 10683 ||| Stepping ~*~*~tactically~*~*~ (hiding).
 10826 | D:10     | Noticed a deep elf zephyrmancer
 10833 | D:10     | Killed a deep elf zephyrmancer
 11147 | D:10     | 11147 ||| PLANNING LAIR
 11147 | D:10     | 11147 ||| READING scroll labelled BENURPHANACS.
 11148 | D:10     | 11148 ||| READING scroll labelled FIH SUSCHAURR.
 11157 | Lair:1   | Entered Level 1 of the Lair of Beasts
 11159 | Lair:1   | 11159 ||| INVOKING Heroism.
 11205 | Lair:1   | 11205 ||| Stepping ~*~*~tactically~*~*~ (stealth).
 11221 | Lair:1   | 11221 ||| Stepping ~*~*~tactically~*~*~ (stealth).
 11222 | Lair:1   | 11222 ||| INVOKING Heroism.
 11300 | Lair:1   | 11300 ||| INVOKING Heroism.
 11310 | Lair:1   | Reached skill level 9 in Fighting
 11381 | Lair:1   | Noticed a five-headed hydra
 11382 | Lair:1   | 11382 ||| INVOKING Heroism.
 11383 | Lair:1   | 11383 ||| SWAPPING to +0 morningstar.
 11384 | Lair:1   | 11384 ||| INVOKING Finesse.
 11390 | Lair:1   | Killed a five-headed hydra
 11391 | Lair:1   | Reached skill level 9 in Invocations
 11391 | Lair:1   | 11391 ||| SWAPPING to +2 spectral war axe.
 11397 | Lair:1   | Received a gift from Okawaru
 11612 | Lair:1   | Identified the +9 mace of Instinct {spect, *Rage Int+4
                  | Dex+4}
 11781 | Lair:1   | 11781 ||| INVOKING Heroism.
 11785 | Lair:1   | Reached XP level 12. HP: 65/76 MP: 16/19
 11891 | Lair:1   | 11891 ||| INVOKING Heroism.
 11899 | Lair:1   | Received a gift from Okawaru
 12452 | Lair:1   | 12452 ||| UPGRADING to +0 pair of boots.
 12457 | Lair:1   | 12457 ||| UPGRADING to amulet of the acrobat.
 12462 | Lair:1   | 12462 ||| READING scroll labelled XEYPTA UFYWU.
 12513 | Lair:2   | 12513 ||| INVOKING Heroism.
 12535 | Lair:2   | Found a staircase to the Shoals.
 12539 | Lair:2   | Noticed Prince Ribbit
 12546 | Lair:2   | Killed Prince Ribbit
 12562 | Lair:2   | Reached skill level 12 in Axes
 12626 | Lair:2   | 12626 ||| Stepping ~*~*~tactically~*~*~ (stealth).
 12630 | Lair:2   | 12630 ||| Stepping ~*~*~tactically~*~*~ (stealth).
 12634 | Lair:2   | 12634 ||| Stepping ~*~*~tactically~*~*~ (stealth).
 12635 | Lair:2   | 12635 ||| Stepping ~*~*~tactically~*~*~ (stealth).
 12641 | Lair:2   | 12641 ||| FLEEEEING.
 12648 | Lair:2   | 12648 ||| INVOKING Heroism.
 12892 | Lair:2   | Identified the +6 trident of Mutahacw {drain, rF+ rC+
                  | Stlth+}
 12925 | Lair:2   | Noticed an eight-headed hydra
 12927 | Lair:2   | 12927 ||| INVOKING Heroism.
 12928 | Lair:2   | 12928 ||| SWAPPING to +0 morningstar.
 12929 | Lair:2   | 12929 ||| INVOKING Finesse.
 12935 | Lair:2   | Killed an eight-headed hydra
 12936 | Lair:2   | 12936 ||| SWAPPING to +2 spectral war axe.
 13033 | Lair:2   | 13033 ||| Stepping ~*~*~tactically~*~*~ (stealth).
 13034 | Lair:2   | 13034 ||| INVOKING Heroism.
 13043 | Lair:2   | 13043 ||| Stepping ~*~*~tactically~*~*~ (stealth).
 13045 | Lair:2   | 13045 ||| Stepping ~*~*~tactically~*~*~ (stealth).
 13046 | Lair:2   | 13046 ||| Stepping ~*~*~tactically~*~*~ (stealth).
 13047 | Lair:2   | 13047 ||| Stepping ~*~*~tactically~*~*~ (stealth).
 13048 | Lair:2   | 13048 ||| Stepping ~*~*~tactically~*~*~ (stealth).
 13081 | Lair:2   | 13081 ||| Stepping ~*~*~tactically~*~*~ (hiding).
 13133 | Lair:2   | 13133 ||| INVOKING Heroism.
 13158 | Lair:2   | 13158 ||| Stepping ~*~*~tactically~*~*~ (stealth).
 13161 | Lair:2   | Noticed a death yak
 13161 | Lair:2   | 13161 ||| Stepping ~*~*~tactically~*~*~ (stealth).
 13167 | Lair:2   | 13167 ||| Stepping ~*~*~tactically~*~*~ (stealth).
 13168 | Lair:2   | 13168 ||| INVOKING Finesse.
 13169 | Lair:2   | 13169 ||| Stepping ~*~*~tactically~*~*~ (stealth).
 13173 | Lair:2   | 13173 ||| Stepping ~*~*~tactically~*~*~ (stealth).
 13179 | Lair:2   | Identified the +1 robe "Zeanagi" {Rampage rC+ rN+ Will-}
                  | (Okawaru gifted it to you on level 2 of the Lair of Beasts)
 13179 | Lair:2   | Received a gift from Okawaru
 13179 | Lair:2   | Noticed a death yak
 13182 | Lair:2   | Noticed a death yak
 13182 | Lair:2   | 13182 ||| Stepping ~*~*~tactically~*~*~ (stealth).
 13186 | Lair:2   | Killed a death yak
 13187 | Lair:2   | Noticed a death yak
 13197 | Lair:2   | Killed a death yak
 13203 | Lair:2   | 13203 ||| INVOKING Heroism.
 13205 | Lair:2   | Killed a death yak
 13206 | Lair:2   | Reached skill level 13 in Axes
 13214 | Lair:2   | Killed a death yak
 13387 | Lair:2   | Found a bloodstained altar of Trog.
 13429 | Lair:2   | 13429 ||| Stepping ~*~*~tactically~*~*~ (stealth).
 13502 | Lair:2   | Reached skill level 9 in Armour
 13856 | Lair:3   | 13856 ||| INVOKING Heroism.
 13874 | Lair:3   | Reached XP level 13. HP: 74/82 MP: 20/20
 14033 | Lair:3   | 14033 ||| Stepping ~*~*~tactically~*~*~ (stealth).
 14036 | Lair:3   | 14036 ||| Stepping ~*~*~tactically~*~*~ (stealth).
 14092 | Lair:3   | Identified the +5 war axe "Ewin" {drain, rPois}
 14094 | Lair:3   | 14094 ||| DROPPING +5 war axe "Ewin" {drain, rPois}.
 14179 | Lair:3   | 14179 ||| Stepping ~*~*~tactically~*~*~ (stealth).
 14185 | Lair:3   | 14185 ||| Stepping ~*~*~tactically~*~*~ (hiding).
 14189 | Lair:3   | 14189 ||| Stepping ~*~*~tactically~*~*~ (hiding).
 14208 | Lair:3   | 14208 ||| Stepping ~*~*~tactically~*~*~ (hiding).
 14296 | Lair:3   | Found a staircase to the Snake Pit.
 14440 | Lair:3   | 14440 ||| Stepping ~*~*~tactically~*~*~ (stealth).
 14442 | Lair:3   | 14442 ||| Stepping ~*~*~tactically~*~*~ (stealth).
 14445 | Lair:3   | 14445 ||| INVOKING Heroism.
 14446 | Lair:3   | 14446 ||| INVOKING Finesse.
 14459 | Lair:3   | Reached skill level 14 in Axes
 14561 | Lair:3   | 14561 ||| Stepping ~*~*~tactically~*~*~ (hiding).
 14589 | Lair:3   | 14589 ||| INVOKING Heroism.
 14760 | Lair:3   | 14760 ||| UPGRADING to ring of willpower.
 14802 | Lair:4   | 14802 ||| Stepping ~*~*~tactically~*~*~ (stealth).
 14803 | Lair:4   | 14803 ||| Stepping ~*~*~tactically~*~*~ (stealth).
 14804 | Lair:4   | 14804 ||| Stepping ~*~*~tactically~*~*~ (stealth).
 14825 | Lair:4   | Received a gift from Okawaru
 14899 | Lair:4   | 14899 ||| INVOKING Heroism.
 14960 | Lair:4   | Found a viscous altar of Jiyva.
 14961 | Lair:4   | 14961 ||| INVOKING Heroism.
 14962 | Lair:4   | 14962 ||| INVOKING Finesse.
 14963 | Lair:4   | 14963 ||| FLEEEEING.
 15061 | Lair:4   | 15061 ||| INVOKING Heroism.
 15062 | Lair:4   | 15062 ||| Stepping ~*~*~tactically~*~*~ (stealth).
 15072 | Lair:4   | 15072 ||| Stepping ~*~*~tactically~*~*~ (stealth).
 15075 | Lair:4   | 15075 ||| Stepping ~*~*~tactically~*~*~ (stealth).
 15077 | Lair:4   | 15077 ||| Stepping ~*~*~tactically~*~*~ (stealth).
 15221 | Lair:4   | 15221 ||| INVOKING Heroism.
 15245 | Lair:4   | 15245 ||| READING scroll of enchant weapon.
 15245 | Lair:4   | 15245 ||| ENCHANTING +2 spectral war axe.
 15272 | Lair:4   | 15272 ||| INVOKING Heroism.
 15394 | Lair:4   | Found a frozen archway.
 15596 | Lair:4   | Found a sparkling altar of Nemelex Xobeh.
 15629 | Lair:4   | 15629 ||| INVOKING Heroism.
 15704 | Lair:4   | 15704 ||| INVOKING Heroism.
 15836 | Lair:4   | 15836 ||| INVOKING Heroism.
 16182 | Lair:4   | 16182 ||| INVOKING Heroism.
 16183 | Lair:4   | 16183 ||| INVOKING Finesse.
 16185 | Lair:4   | Found a staircase to the Slime Pits.
 16193 | Lair:4   | Killed from afar by an oklob plant

Levels and vault maps discovered:
D:1:      dpeg_arrival_snail, layout_basic, shapermc_ecumenical_altar_pompeii,
          minmay_tromino_i2
D:2:      layout_rooms, serial_undead, serial_undead_b, serial_undead_b,
          serial_undead_a, serial_undead_a, serial_undead_e, serial_undead_d,
          serial_undead_b
D:3:      layout_basic, grunt_dithmenos_smoke_and_mirrors,
          minmay_misc_feat_roman, guppyfry_early_lair_pool
D:4:      layout_gridville, mainiacjoe_overflow_small_starburst,
          portal_sewer_entry_e, amethyst_killhole, mrwooster_statue_mirror
D:5:      layout_rooms, lemuel_round_altar, temple_fountains,
          hangedman_glass_teeth, uniq_crazy_yiuf_cottage
D:6:      layout_layer_cave, hangedman_abyss_or_decor_stabs, uniq_menkaure
D:7:      layout_loops_ring, zin_academy, fountainhead,
          kennysheep_cluttered_room, st_stairs_2
D:8:      layout_loops_ring, enter_bailey_2
D:9:      layout_roguey, minitemple
D:10:     layout_roguey, due_lair_maze_entry_diamond, minmay_librarian
Temple:   hellmonk_temple_two_chambers
Lair:1:   layout_cave_pods, hangedman_lair_generics_rect
Lair:2:   layout_loops_ring, minmay_shoals_entry_beasts, basic_altar,
          uniq_prince_ribbit2
Lair:3:   layout_misc_corridors, minmay_snake_entry_guardpost_medium,
          eino_house_with_fridge, grunt_megastairs_2, serial_bayou_shore_b
Lair:4:   layout_cave_pods, minmay_slime_entry_oklob_enclosed,
          nicolae_volcano_entry_two_sided, basic_altar,
          portal_ice_cave_demonic_guard, grunt_megastairs_4

Skill      XL: |  1  2  3  4  5  6  7  8  9 10 11 12 13 |
---------------+----------------------------------------+-----
Axes           | 2 3 4 5 7 8 9 10 11 13 14 | 14.4
Throwing       | 1 2 3 4 |  4.1
Fighting       | 4 5 6 8 9 10 11 | 11.0
Armour         | 4 5 6 7 9 10 | 10.0
Dodging        | 1 2 |  2.0
Invocations    | 3 4 6 9 10 | 10.0
Shields        | 6 7 |  7.1

Action                   |  1- 3 |  4- 6 |  7- 9 | 10-12 | 13-15 || total
-------------------------+-------+-------+-------+-------+-------++-------
Melee: War axe           |   131 |   114 |   185 |   282 |   176 ||   888
       Morningstar       |       |       |       |    12 |       ||    12
Throw: Javelin           |       |    10 |    38 |    35 |    25 ||   108
       Boomerang         |       |       |    24 |    28 |     9 ||    61
Invok: Heroism           |       |       |    11 |    20 |    11 ||    42
       Finesse           |       |       |       |     3 |     3 ||     6
  Use: Potion            |     1 |     2 |     2 |     3 |       ||     8
       Scroll            |       |     9 |     9 |     6 |     1 ||    25
 Stab: Distracted        |       |       |     1 |     6 |     3 ||    10
Armor: Scale mail        |    37 |       |       |       |       ||    37
       Chain mail        |    47 |    62 |    18 |       |       ||   127
       Plate armour      |       |       |    65 |   116 |    57 ||   238
Dodge: Dodged            |    45 |    30 |    32 |    71 |    35 ||   213
Block: Buckler           |    23 |    14 |    13 |    42 |    16 ||   108

Table legend:
 A = Non-vault XP
 B = Vault XP
 C = Vault XP percentage of total XP
 D = Non-vault monster count
 E = Vault monster count
 F = Vault count percentage of total count
                 A         B        C        D         E       F
            +---------+---------+-------+---------+---------+-------
      Total |   36483 |   14307 |  28.2 |     292 |      95 |  24.5
            +---------+---------+-------+---------+---------+-------
        D:1 |      31 |       3 |   8.8 |      19 |       2 |   9.5
        D:2 |      47 |       9 |  16.1 |      18 |       4 |  18.2
        D:3 |      97 |       0 |   0.0 |      26 |       0 |   0.0
        D:4 |     155 |       0 |   0.0 |      19 |       0 |   0.0
        D:5 |     553 |       0 |   0.0 |      16 |       0 |   0.0
        D:6 |     581 |     172 |  22.8 |      19 |       1 |   5.0
        D:7 |     823 |      11 |   1.3 |      23 |       2 |   8.0
        D:8 |    1810 |       0 |   0.0 |      20 |       0 |   0.0
        D:9 |    2112 |       0 |   0.0 |      13 |       0 |   0.0
       D:10 |    4129 |    2388 |  36.6 |      23 |      12 |  34.3
     Lair:1 |    3742 |    3014 |  44.6 |      21 |       7 |  25.0
     Lair:2 |    9068 |    2132 |  19.0 |      26 |       7 |  21.2
     Lair:3 |    4981 |    3251 |  39.5 |      16 |      23 |  59.0
     Lair:4 |    8354 |    2915 |  25.9 |      33 |       9 |  21.4
      Sewer |       0 |     412 | 100.0 |       0 |      28 | 100.0
            +---------+---------+-------+---------+---------+-------
